 Dungeon Sprint DCSS version 0.19.4-8-ga85b6b9 (webtiles) character file.

14700000 protoss039 the Conqueror (level 27, -5/273 HPs)
             Began as a Ghoul Warper on Feb 13, 2017.
             Was the Champion of Makhleb.
             Killed by the air
             ... invoked by The Meatlord
              (91 damage)
             ... in the Dungeon (Sprint VIII: "Arena of Blood").
             The game lasted 00:05:30 (147 turns).

protoss039 the Conqueror (Ghoul Warper)              Turns: 147, Time: 00:05:31

Health: -5/273     AC:  6    Str: 28    XL:     27
Magic:  43/53      EV: 24    Int:  8    God:    Makhleb [******]
Gold:   0          SH:  0    Dex:  8    Spells: 0 memorised, 80 levels left

rFire  . . .     SeeInvis .     k - +∞ Axe of Woe
rCold  + . .     Gourm    .     a - +0 leather armour
rNeg   + + +     Faith    .     (shield currently unavailable)
rPois  ∞         Spirit   .     (no helmet)
rElec  .         Reflect  .     (no cloak)
rCorr  .         Harm     .     (no gloves)
MR     ++...     NoTele   +     (no boots)
Stlth  +++++++++.               (no amulet)
                                n - +250 ring of slaying
                                o - +250 ring of slaying

@: rotting, slowed, very slow
A: rotting body, claws 1, carnivore 3, cold resistance 1, negative energy
resistance 3, slow regeneration 1, torment resistance, unbreathing
a: Minor Destruction, Lesser Servant of Makhleb, Major Destruction, Greater
Servant of Makhleb, Renounce Religion


You were in the Dungeon.
You worshipped Makhleb.
Makhleb was exalted by your worship.
You were not hungry.

You visited 1 branch

Inventory:

Hand Weapons
 k - the +∞ Axe of Woe (weapon)
   (You found it in the Dungeon)
Missiles
 d - 5 tomahawks of dispersal (quivered)
Armour
 a - a +0 leather armour (worn)
Jewellery
 l - a +200 ring of slaying
 m - a +200 ring of slaying
 n - a +250 ring of slaying (right claw)
 o - a +250 ring of slaying (left claw)
Scrolls
 c - 2 scrolls of blinking
Potions
 e - a potion of curing
 g - a potion of heal wounds
 h - a potion of haste
 i - 2 potions of magic
 j - a potion of berserk rage
Books
 b - a book of Spatial Translocations

   Spells                             Type                      Level
   a - Blink                          Translocation                2
   b - Shroud of Golubria             Charms/Translocation         2
   c - Lesser Beckoning               Translocation                3
   d - Portal Projectile              Translocation                3
   e - Teleport Other                 Translocation                3
   f - Passage of Golubria            Translocation                4
Comestibles
 f - a meat ration


   Skills:
 O Level 27 Fighting
 O Level 27 Axes
 O Level 27 Throwing
 O Level 27 Armour
 O Level 27 Dodging
 O Level 27 Stealth
 O Level 27 Unarmed Combat
 O Level 27 Spellcasting
   Level 2.6 Translocations
 O Level 27 Invocations


You had 80 spell levels left.
You didn't know any spells.

Dungeon Overview and Level Annotations

Branches:
Dungeon (1/1)

Altars:
Makhleb

Annotations:
D The Captor, The Meatlord


Innate Abilities, Weirdness & Mutations

Your body is rotting away.
You thrive on raw meat.
You are immune to poison.
You have sharp fingernails.
You are carnivorous and can eat meat at any time.
Your flesh is cold resistant. (rC+)
You are immune to negative energy. (rN+++)
You regenerate slowly when monsters are visible.
You are immune to unholy pain and torment.
You can survive without breathing.


Message History

A meat beast comes into view.
You hear a shout! x2
The meat berserker hits your balrug with a +9 battleaxe!!
The Captor gestures wildly while chanting.
The Captor seems to speed up.
You hear a shout!
You feel something staring at you.
A bolt of fire appears from out of thin air!
The bolt of fire hits you! The fleshlord casts a spell at you.
The meat berserker appears out of thin air!
A meat berserker comes into view. It is wielding a +9 battleaxe.
You hear a shout! x2
Your balrug hits the meat berserker with a demon whip!
The meat berserker is engulfed in flames!!
The fleshlord mumbles some strange words.
The fleshlord seems to speed up.
You hear a shout!
The Meatlord waves his arms in wide circles.
The air twists around and strikes you!
You die...

..... ... #...
..# . #... ..# .
..###.SO D%###..
.o...&###o.....
......_...%..
#))O.%# . #_)2)_#
. ....#))@)p#....
..@p..)2_))......
.......###.....p.
.O###... ..###..
. #... ..# . #...
.O# ..... ...
.... ....


You could see The Meatlord, a meat beast, an eight-headed meat hydra, a scourge
(wandering), 3 fleshlords, The Captor, 3 meat berserkers, a bag of meat and a
friendly balrug.

Vanquished Creatures
  3 hell knights (D)
  9 hell beasts (D)
  5 greater mummies (D)
  6 great orbs of eyes (D)
  6 wraiths (D)
  Harold (D)
  18 vampire knights (D)
  42 ogres (D)
  12 liches (D)
  9 hydras (D)
  57 orcs (D)
  7 phantoms (D)
  3 hill giants (D)
  10 skeletal warriors (D)
  2 sea snakes (D)
  7 large abominations (D)
  12 small abominations (D)
  17 crawling corpses (D)
226 creatures vanquished.

Vanquished Creatures (collateral kills)
  A crawling corpse (D)
1 creature vanquished.

Vanquished Creatures (others)
  4 crawling corpses (D)
4 creatures vanquished.

Grand Total: 231 creatures vanquished

Notes
Turn   | Place    | Note
-------+----------+-------------------------------------------
     0 | D        | protoss039 the Ghoul Warper began the quest for the Orb.
     0 | D        | Reached XP level 1. HP: 17/17 MP: 2/2
     2 | D        | Noticed a bag of meat
     2 | D        | Noticed a bag of meat
     3 | D        | Became a worshipper of Makhleb the Destroyer
     4 | D        | Noticed a bag of meat
     6 | D        | Noticed a bag of meat
     6 | D        | Noticed a bag of meat
     7 | D        | Noticed a bag of meat
     7 | D        | Killed a bag of meat
     7 | D        | Reached XP level 2. HP: 47/47 MP: 2/15
     7 | D        | Reached XP level 3. HP: 53/53 MP: 2/16
     7 | D        | Reached XP level 4. HP: 61/61 MP: 2/18
     7 | D        | Reached XP level 5. HP: 68/68 MP: 2/19
     7 | D        | Reached XP level 6. HP: 75/75 MP: 2/21
     7 | D        | Reached XP level 7. HP: 82/82 MP: 2/22
     7 | D        | Reached XP level 8. HP: 90/90 MP: 2/24
     7 | D        | Reached XP level 9. HP: 96/96 MP: 2/25
     7 | D        | Reached XP level 10. HP: 104/104 MP: 2/26
     7 | D        | Reached XP level 11. HP: 111/111 MP: 2/27
     7 | D        | Reached XP level 12. HP: 118/118 MP: 2/28
     8 | D        | Killed a bag of meat
     8 | D        | Reached * piety under Makhleb
     8 | D        | Reached skill level 5 in Throwing
     8 | D        | Reached skill level 5 in Armour
     8 | D        | Reached skill level 15 in Spellcasting
     8 | D        | Reached XP level 13. HP: 130/130 MP: 2/31
     9 | D        | Noticed a meat berserker
    10 | D        | Killed a bag of meat
    10 | D        | Reached skill level 15 in Dodging
    10 | D        | Reached XP level 14. HP: 144/144 MP: 3/33
    10 | D        | Killed a meat berserker
    10 | D        | Reached skill level 10 in Axes
    10 | D        | Reached XP level 15. HP: 156/156 MP: 3/36
    11 | D        | Reached ** piety under Makhleb
    12 | D        | Reached XP level 16. HP: 169/169 MP: 3/39
    16 | D        | Noticed a meat berserker
    17 | D        | Killed a meat berserker
    17 | D        | Reached *** piety under Makhleb
    17 | D        | Reached XP level 17. HP: 183/183 MP: 5/42
    18 | D        | Noticed a meat berserker
    18 | D        | Reached skill level 15 in Axes
    19 | D        | Killed a meat berserker
    19 | D        | Reached XP level 18. HP: 198/198 MP: 6/44
    19 | D        | Reached **** piety under Makhleb
    19 | D        | Reached skill level 27 in Fighting
    24 | D        | Noticed a destroyer
    24 | D        | Killed a destroyer
    24 | D        | Reached skill level 10 in Armour
    24 | D        | Reached XP level 19. HP: 207/207 MP: 7/48
    26 | D        | Noticed The Servant
    28 | D        | Noticed a meat berserker
    28 | D        | Noticed a large bag of meat
    29 | D        | Noticed a meat berserker
    31 | D        | Noticed a destroyer
    31 | D        | Noticed a large bag of meat
    31 | D        | Killed The Servant
    31 | D        | Reached skill level 10 in Throwing
    31 | D        | Reached skill level 27 in Unarmed Combat
    31 | D        | Reached skill level 27 in Spellcasting
    31 | D        | Reached XP level 20. HP: 199/216 MP: 9/50
    32 | D        | Noticed a meat berserker
    32 | D        | Killed a meat berserker
    32 | D        | Reached ***** piety under Makhleb
    32 | D        | Reached skill level 27 in Axes
    32 | D        | Reached skill level 27 in Dodging
    33 | D        | Killed a destroyer
    33 | D        | Reached XP level 21. HP: 224/224 MP: 10/51
    33 | D        | Reached skill level 15 in Armour
    35 | D        | Noticed a destroyer
    35 | D        | Killed a meat berserker
    35 | D        | Reached skill level 27 in Stealth
    36 | D        | Noticed a destroyer
    37 | D        | Noticed a meat berserker
    37 | D        | Killed a destroyer
    37 | D        | Reached XP level 22. HP: 233/233 MP: 11/52
    37 | D        | Reached skill level 27 in Throwing
    38 | D        | Reached ****** piety under Makhleb
    39 | D        | Reached skill level 27 in Armour
    39 | D        | Killed a destroyer
    39 | D        | Reached XP level 23. HP: 240/240 MP: 11/53
    40 | D        | Reached skill level 27 in Invocations
    41 | D        | Noticed a destroyer
    41 | D        | Reached XP level 24. HP: 249/249 MP: 12/53
    43 | D        | Noticed a destroyer
    43 | D        | Noticed a tyrant
    43 | D        | Killed a destroyer
    44 | D        | Noticed a tyrant
    45 | D        | Reached XP level 25. HP: 216/257 MP: 13/53
    46 | D        | Reached XP level 26. HP: 222/266 MP: 13/53
    47 | D        | Killed a destroyer
    48 | D        | Noticed a destroyer
    49 | D        | Noticed an accursed
    49 | D        | Reached XP level 27. HP: 273/273 MP: 14/53
    51 | D        | Noticed a tyrant
    52 | D        | Killed a destroyer
    53 | D        | Killed a tyrant
    56 | D        | Noticed a destroyer
    59 | D        | Noticed a destroyer
    62 | D        | Killed a tyrant
    65 | D        | Killed a tyrant
    65 | D        | Killed a destroyer
    66 | D        | Noticed a meat beast
    67 | D        | Killed a meat beast
    70 | D        | Noticed a tyrant
    70 | D        | Noticed an accursed
    70 | D        | Noticed a tyrant
    70 | D        | Noticed a meat beast
    70 | D        | Killed a destroyer
    71 | D        | Killed an accursed
    72 | D        | Noticed a dread
    72 | D        | Killed a meat beast
    73 | D        | Noticed a destroyer
    73 | D        | Killed a tyrant
    74 | D        | Noticed a destroyer
    74 | D        | Killed a destroyer
    75 | D        | Noticed an accursed
    76 | D        | Noticed a dread
    77 | D        | Noticed a destroyer
    77 | D        | Killed a tyrant
    78 | D        | Killed an accursed
    78 | D        | Killed a dread
    79 | D        | Noticed a tyrant
    79 | D        | Killed a destroyer
    80 | D        | Noticed a tyrant
    80 | D        | Noticed a destroyer
    81 | D        | Noticed a destroyer
    81 | D        | Noticed a destroyer
    83 | D        | Noticed a meat beast
    83 | D        | Killed a destroyer
    83 | D        | Killed a dread
    84 | D        | Noticed a dread
    86 | D        | Killed a tyrant
    86 | D        | Killed a meat beast
    87 | D        | Killed a destroyer
    87 | D        | Killed a destroyer
    90 | D        | Killed a destroyer
    91 | D        | Killed a dread
    93 | D        | Killed a tyrant
    95 | D        | Noticed a meat beast
    96 | D        | Noticed an accursed
    96 | D        | Noticed a meat beast
   100 | D        | Killed an accursed
   100 | D        | Killed a meat beast
   102 | D        | Noticed a tyrant
   102 | D        | Noticed a tyrant
   105 | D        | Noticed a dread
   107 | D        | Killed a dread
   108 | D        | Noticed a dread
   108 | D        | Killed a dread
   110 | D        | Noticed an accursed
   111 | D        | Noticed a meat beast
   111 | D        | Noticed a meat beast
   112 | D        | Killed a tyrant
   112 | D        | Killed an accursed
   112 | D        | Killed a meat beast
   117 | D        | Noticed a tyrant
   117 | D        | Killed a meat beast
   122 | D        | Noticed a fleshlord
   122 | D        | Killed a tyrant
   123 | D        | Noticed a destroyer
   128 | D        | Noticed a fleshlord
   128 | D        | Noticed a fleshlord
   128 | D        | Killed a tyrant
   128 | D        | Killed an accursed
   129 | D        | Noticed a tyrant
   131 | D        | Noticed a tyrant
   131 | D        | Killed a fleshlord
   131 | D        | Killed a destroyer
   132 | D        | Killed a tyrant
   134 | D        | Noticed a dread
   134 | D        | Killed a fleshlord
   135 | D        | Killed a fleshlord
   138 | D        | Noticed a destroyer
   140 | D        | Killed a tyrant
   140 | D        | Killed a dread
   141 | D        | Noticed a destroyer
   142 | D        | Noticed a meat beast
   142 | D        | Killed a destroyer
   142 | D        | Noticed a fleshlord
   143 | D        | Noticed a meat beast
   143 | D        | Noticed a fleshlord
   143 | D        | Killed a meat beast
   144 | D        | Noticed The Meatlord
   144 | D        | Killed a meat beast
   145 | D        | Killed a destroyer
   146 | D        | Noticed a fleshlord
   146 | D        | Noticed The Captor
   146 | D        | Noticed a meat beast
   146 | D        | Killed a meat beast
   147 | D        | Killed from afar by The Meatlord

Skill      XL: |  1  2  3  4  5  6  7  8  9 10 11 12 13 14 15 16 17 18 19 20 21 22 23 |
---------------+----------------------------------------------------------------------+-----
Fighting       | 14 16 18 20 22 24 26 27 | 27.0
Axes           | 4 6 7 10 12 14 17 21 25 27 | 27.0
Throwing       | 4 5 6 7 8 9 10 16 26 27 | 27.0
Armour         | 4 5 6 7 8 9 10 11 14 21 27 | 27.0
Dodging        | 12 14 15 17 18 20 21 23 25 27 | 27.0
Unarmed Combat | 14 16 17 19 20 22 23 25 27 | 27.0
Spellcasting   | 13 15 16 18 20 22 23 26 27 | 27.0
Stealth        | 4 8 21 27 | 27.0
Invocations    | 23 27 | 27.0
Translocations | |  2.6

Action                   |  1- 3 |  4- 6 |  7- 9 | 10-12 | 13-15 | 16-18 | 19-21 | 22-24 | 25-27 || total
-------------------------+-------+-------+-------+-------+-------+-------+-------+-------+-------++-------
Melee: Executioner's axe |     1 |       |       |     1 |     3 |     5 |     5 |     6 |    81 ||   102
Invok: Greater Servant o |       |       |       |       |       |       |       |       |     4 ||     4
       Major Destruction |       |       |       |       |       |       |       |       |     2 ||     2
 Stab: Distracted        |       |       |       |       |       |     1 |       |       |       ||     1
Armor: Leather armour    |       |       |       |       |       |       |       |       |     6 ||     6
Dodge: Dodged            |       |       |       |       |     1 |       |     1 |     3 |    15 ||    20
